 Dungeon Crawl Stone Soup version 0.17-a0-1914-gde4187c (webtiles) character file.

31105 derrpe the Covert (level 13, -8/52 HPs)
             Began as a Spriggan Artificer on Sept 26, 2015.
             Was the Champion of Nemelex Xobeh.
             Mangled by a shambling mangrove (31 damage)
             ... on level 5 of the Lair of Beasts.
             The game lasted 01:18:10 (26285 turns).

derrpe the Covert (Spriggan Artificer)             Turns: 26285, Time: 01:18:12

Health: -8/52      AC:  7    Str:  7    XL:     13   Next: 24%
Magic:  23/23      EV: 21    Int: 18    God:    Nemelex Xobeh [******]
Gold:   1016       SH:  0    Dex: 22    Spells: 3 memorised, 14 levels left

rFire  . . .     SeeInvis +     b - +2 shortbow (freeze)
rCold  . . .     Clarity  .     G - +2 robe {MR+}
rNeg   . . .     SustAt   .     (shield restricted)
rPois  x         Gourm    .     (helmet restricted)
rElec  .         Spirit   .     q - +2 cloak
rCorr  .         Warding  .     (gloves unavailable)
rMut   .         Stasis   .     (boots unavailable)
MR     +++..                    S - amulet of faith
Stlth  ++++++++..               e - +5 ring of dexterity
                                y - ring of stealth

@: grasped by roots, poison vulnerable, quick, extremely resistant to hostile
enchantments, extraordinarily stealthy
A: unfitting armour, icy blue scales 1, see invisible, deformed body, herbivore
3, speed 3, frail 2, slow metabolism 2
a: Triple Draw, Deal Four, Stack Five, Renounce Religion


You were on level 5 of the Lair of Beasts.
You worshipped Nemelex Xobeh.
Nemelex Xobeh was exalted by your worship.
You were not hungry.

You visited 2 branches of the dungeon, and saw 16 of its levels.
You also visited: Ossuary.

You collected 1036 gold pieces.
You spent 20 gold pieces at shops.

Inventory:

Hand weapons
 a - the +3 dagger "Uhuokhaol" {holy, rElec Stlth+}
   (You found it on level 5 of the Dungeon)

   It has been blessed by the Shining One to cause great damage to the undead
   and demons.
   It insulates you from electricity.
   It makes you more stealthy.
 b - a +2 shortbow of freezing (weapon)
 X - a +0 blowgun
Missiles
 p - 68 poisoned needles
 t - 145 arrows (quivered)
Armour
 q - a +2 cloak (worn)
 G - a +2 robe of magic resistance (worn)
Rods
 K - a +8 iron rod (17/17)
   (You found it on level 9 of the Dungeon)
Jewellery
 e - a +5 ring of dexterity (right hand)
 y - a ring of stealth (left hand)
 S - an amulet of faith (around neck)
Magical devices
 d - a wand of enslavement (10)
 i - a wand of fire (0)
 C - a wand of digging (13)
 W - a wand of confusion (26)
Scrolls
 g - a scroll of magic mapping
 j - 6 scrolls of amnesia
 k - 16 scrolls of remove curse
 m - 4 scrolls of teleportation
 A - 3 scrolls of fog
 M - a scroll of brand weapon
 P - a scroll of enchant armour
Potions
 l - 8 potions of curing
 v - a potion of cancellation
 x - a potion of might
 E - 3 potions of agility
 H - a potion of invisibility
 I - 2 potions of magic
 J - 2 potions of heal wounds
 L - a potion of resistance
 N - 7 potions of flight
 O - a potion of haste
Miscellaneous
 c - a phial of floods (inert)
 h - an ornate deck of destruction {drawn: 1}
 o - a legendary deck of war
 r - a legendary deck of destruction
 u - a phial of floods (inert)
 w - a phantom mirror
 D - a plain deck of escape {drawn: 3}
 Q - an ornate deck of destruction
 V - an ornate deck of war {drawn: 2}
 Y - an ornate deck of destruction
Comestibles
 f - 13 bread rations {@e1}


   Skills:
 + Level 6.6 Fighting
 - Level 10.0 Short Blades
 - Level 10.0 Bows
 + Level 11.7 Dodging
 + Level 14.0 Stealth
 - Level 6.1 Spellcasting
 - Level 4.5 Hexes
 - Level 4.0 Translocations
 + Level 3.5 Transmutations
 + Level 2.2 Earth Magic
 + Level 12.8 Evocations


You had 14 spell levels left.
You knew the following spells:

 Your Spells              Type           Power        Failure   Level  Hunger
a - Confuse               Hex            ###.....     6%          3    ##.....
b - Gell's Gravitas       Hex/Tloc       ###.......   10%         3    ##.....
c - Petrify               Trmt/Erth      ###.....     41%         4    ####...


Dungeon Overview and Level Annotations

Branches:
Dungeon (11/15)            Temple (0/1) D:7            Lair (5/8) D:8
 Shoals (0/4) Lair:4
  Snake: Lair:3-6    Spider: Lair:3-6       Orc: D:9-12

Altars:
Dithmenos
Elyvilon
Fedhas
Gozag
Makhleb
Nemelex Xobeh
Okawaru
Ru
Xom
Yredelemnul
Zin

Shops:
D:4 [   D:5 [


Innate Abilities, Weirdness & Mutations

You are tiny and cannot use many weapons and most armour.
You have supernaturally acute eyesight.
You are a herbivore.
You cover ground extremely quickly.
You need consume almost no food.
You are partially covered in icy blue scales (AC +1).
Armour fits poorly on your strangely shaped body.
You are very frail (-20% HP).


Message History

Firing (i - inventory):
t - 145 arrows (quivered)
Press: ? - help, Shift-Dir - straight line, f/p - shambling mangrove
Aim: a shambling mangrove (severely damaged)
Okay, then.
Unknown command.
Unknown command.
Evoke which item? (* to show all) (? for menu, Esc to quit)
You draw a card...
It is Venom.
You have drawn Venom.
Press: ? - help, Shift-Dir - straight line, f - wasp, p - shambling mangrove
Aim: a wasp The bolt of poison hits the wasp.
The wasp is poisoned.
You kill the wasp!
The bolt of poison hits the plant.
The plant is poisoned.
The plant is heavily damaged.
Releasing that poison leaves you vulnerable to poison.
The shambling mangrove hits you!!
Ouch! That really hurt!
You die...
Your body disappears without a glow.

#......#....#.#...........#. ...
##......#...P.#....#........
....#.#.####......P...PP........
.........#......................
................................
...................§............
................†.B/............
............†...y.(((....P..f...
...............@f9.##.#.#P......
................########.......P
...P.P.#####.....# P......P
..#..#.).#.#.†.## ......[.
.........+....# #..[....
.....#....(.......##..
...P.....P
....#..........†..##....
.P...... .........#.##....## ...
#....... ..........+......##
#.+# ##......


You could see a shambling mangrove, a wasp, a friendly boulder beetle and a
friendly molten gargoyle.

Vanquished Creatures
  The ghost of Goresteps the Cruncher, a powerful DsGl of Makhleb (Lair:3)
  2 hydras
  A skeletal warrior (D:11)
  A hill giant (D:10)
  Pikel (D:6)
  A harpy (Lair:1)
  A griffon (Lair:5)
  6 black mambas
  2 torpor snails
  4 spiny frogs
  7 komodo dragons
  A fire drake (Lair:1)
  A polar bear (Lair:4)
  A troll (D:10)
  A two-headed ogre (D:9)
  5 slime creatures (D:10)
  3 blink frogs
  2 wyverns
  Sigmund (D:5)
  3 hippogriffs
  25 yaks
  A hungry ghost (D:9)
  Grum (D:8)
  5 wolves
  A human (D:7)
  3 vampire mosquitoes
  Edmund (D:6)
  2 insubstantial wisps (Lair:1)
  7 water moccasins
  3 ice beasts
  Duvessa (D:6)
  2 sky beasts
  7 porcupines
  3 orc warriors
  3 black bears
  8 necrophages
  2 phantoms
  4 centaurs
  A wasp (Lair:5)
  6 ogres
  8 crocodiles
  Blork the orc (D:4)
  2 wyvern zombies
  Dowan (D:6)
  A wyvern skeleton (D:7)
  11 giant frogs
  4 scorpions
  2 killer bees (D:10)
  6 electric eels (D:9)
  A water moccasin skeleton (D:9)
  3 wights (D:8)
  A jelly (D:8)
  5 bog bodies (Ossuary)
  3 crimson imps
  A giant frog zombie (Ossuary)
  7 centaur zombies
  Crazy Yiuf (D:3)
  15 iguanas
  A giant frog skeleton (D:5)
  3 hounds
  5 orc wizards
  A centaur skeleton (D:3)
  An orc priest (D:6)
  10 worker ants
  Terence (D:2)
  5 hell rats (Lair:4)
  A killer bee zombie (Ossuary)
  13 sheep
  A hound zombie (Ossuary)
  7 mummies (Ossuary)
  2 worker ant zombies (Ossuary)
  5 gnolls
  13 adders
  32 river rats
  An ooze (D:5)
  3 adder zombies (Ossuary)
  An adder skeleton (D:5)
  2 worms
  3 giant geckos
  25 orcs
  6 bats
  3 giant cockroaches
  10 hobgoblins
  5 jackals
  3 kobolds
  2 quokkas
  2 ball pythons
  A ball python skeleton (D:5)
  A ball python zombie (Ossuary)
  2 giant cockroach zombies (Ossuary)
  4 giant gecko zombies (Ossuary)
  4 giant newts
  5 goblins
  2 jackal zombies
  2 quokka zombies (Ossuary)
  8 rats
  4 fungi
404 creatures vanquished.

Vanquished Creatures (collateral kills)
  5 elephants (Lair:5)
  3 spiny frogs
  A komodo dragon (Lair:1)
  The ghost of pk666 the Magician, an experienced DEWz (D:5)
  A troll (D:10)
  6 blink frogs
  A steam dragon (Lair:5)
  4 yaks
  4 wolves (Lair:2)
  The ghost of derrpe the Gusty, an average HEAE (D:3)
  An orc warrior (D:6)
  2 ogres
  A scorpion (Lair:5)
  4 killer bees (D:10)
  A jelly (D:6)
  3 orc wizards
  An orc priest (D:8)
  Jessica (D:3)
  2 hell rats (Lair:4)
  4 sheep (Lair:1)
  3 worker ants (Lair:5)
  7 river rats (Lair:2)
  A shadow imp (D:10)
  5 orcs
  2 giant cockroaches
65 creatures vanquished.

Vanquished Creatures (others)
  3 orc wizards
  An orc priest (D:6)
  2 orcs
  A bush (Lair:5)
  2 fungi
  12 plants
21 creatures vanquished.

Grand Total: 490 creatures vanquished

Notes
Turn   | Place    | Note
--------------------------------------------------------------
     0 | D:1      | derrpe the Spriggan Artificer began the quest for the Orb.
     0 | D:1      | Reached XP level 1. HP: 9/9 MP: 4/4
   856 | D:1      | Reached XP level 2. HP: 14/14 MP: 6/6
  1604 | D:2      | Found a white marble altar of Elyvilon.
  1783 | D:2      | Reached XP level 3. HP: 17/17 MP: 7/7
  1856 | D:2      | Noticed Terence
  1920 | D:2      | Killed Terence
  1920 | D:2      | Reached XP level 4. HP: 17/21 MP: 8/8
  2533 | D:2      | Found an opulent altar of Gozag.
  2732 | D:3      | Found a sparkling altar of Nemelex Xobeh.
  2732 | D:3      | Noticed derrpe's ghost (average HEAE)
  3056 | D:3      | Became a worshipper of Nemelex Xobeh the Trickster
  3180 | D:3      | Noticed Crazy Yiuf
  3206 | D:3      | Killed Crazy Yiuf
  3206 | D:3      | Reached skill level 5 in Evocations
  3206 | D:3      | Reached XP level 5. HP: 25/25 MP: 9/9
  3494 | D:3      | Killed derrpe's ghost
  3551 | D:3      | Noticed Jessica
  3563 | D:3      | Killed Jessica
  3596 | D:3      | Found a glowing silver altar of Zin.
  3788 | D:3      | Noticed an ogre
  3795 | D:3      | Killed an ogre
  3795 | D:3      | Reached skill level 5 in Stealth
  3795 | D:3      | Reached XP level 6. HP: 29/29 MP: 11/11
  3872 | D:4      | Received a gift from Nemelex Xobeh
  3969 | D:4      | Found an iron altar of Okawaru.
  4098 | D:4      | Reached skill level 5 in Dodging
  4099 | D:4      | Found Cucvo's Antique Armour Shoppe.
  4131 | D:4      | Found a shimmering altar of Xom.
  4132 | D:4      | Found a burning altar of Makhleb.
  4313 | D:4      | Noticed Blork the orc
  4320 | D:4      | Killed Blork the orc
  4320 | D:4      | Reached skill level 5 in Short Blades
  4320 | D:4      | Reached skill level 6 in Stealth
  4320 | D:4      | Reached XP level 7. HP: 32/32 MP: 12/12
  4431 | D:4      | Found a sacrificial altar of Ru.
  4865 | D:5      | Entered Level 5 of the Dungeon
  4934 | D:5      | Noticed pk666's ghost (experienced DEWz)
  5530 | D:5      | Noticed Sigmund
  5536 | D:5      | Killed Sigmund
  5536 | D:5      | Reached skill level 7 in Stealth
  5536 | D:5      | Reached XP level 8. HP: 37/37 MP: 14/14
  5721 | D:5      | Killed pk666's ghost
  6113 | D:5      | Found Yloxuubi's Antique Armour Shop.
  6117 | D:5      | Bought an embroidered robe for 20 gold pieces
  6391 | D:5      | Reached skill level 1 in Bows
  7005 | D:5      | Got a crude dagger
  7006 | D:5      | Identified the +3 dagger "Uhuokhaol" {holy, rElec Stlth+} (You found it on level 5 of the Dungeon)
  7079 | D:6      | Noticed Pikel
  7108 | D:6      | Found a sand-covered staircase.
  7117 | Ossuary  | Entered an ossuary
  7221 | Ossuary  | Reached skill level 8 in Short Blades
  7400 | Ossuary  | Reached XP level 9. HP: 12/40 MP: 15/15
  7791 | Ossuary  | Reached skill level 9 in Short Blades
  8120 | D:6      | Noticed Duvessa
  8120 | D:6      | Noticed Dowan
  8122 | D:6      | Killed Duvessa
  8129 | D:6      | Killed Dowan
  8151 | D:6      | Noticed Edmund
  8158 | D:6      | Killed Edmund
  8238 | D:6      | Reached skill level 10 in Short Blades
  8251 | D:6      | Noticed a cyan ugly thing
  8257 | D:6      | HP: 2/40 [cyan ugly thing[the player character] (3)]
  8258 | D:6      | Reached skill level 1 in Fighting
  8948 | D:6      | Received a gift from Nemelex Xobeh
  9015 | D:6      | Killed Pikel
  9383 | D:7      | Found a white marble altar of Elyvilon.
  9576 | D:7      | Found a staircase to the Ecumenical Temple.
  9932 | D:7      | Reached XP level 10. HP: 49/49 MP: 17/17
 10234 | D:8      | Found a staircase to the Lair.
 10592 | D:8      | Noticed Grum
 10661 | D:8      | Killed Grum
 11927 | D:8      | Reached skill level 10 in Stealth
 12044 | D:8      | Found a shadowy altar of Dithmenos.
 12077 | D:8      | Found a blossoming altar of Fedhas.
 12539 | D:9      | Acquired Nemelex Xobeh's first power
 12574 | D:9      | Reached skill level 5 in Bows
 12928 | D:9      | Received a gift from Nemelex Xobeh
 13099 | D:9      | Gained mutation: You are frail (-10% HP). [potion of mutation]
 13099 | D:9      | Gained mutation: Armour fits poorly on your strangely shaped body. [potion of mutation]
 13099 | D:9      | Gained mutation: You are very frail (-20% HP). [potion of mutation]
 13100 | D:9      | Gained mutation: Potions and wands are less effective at restoring your health. [potion of mutation]
 13100 | D:9      | Lost mutation: Potions and wands are less effective at restoring your health. [potion of mutation]
 13100 | D:9      | Gained mutation: You are partially covered in icy blue scales (AC +1). [potion of mutation]
 13563 | D:9      | Found a basalt altar of Yredelemnul.
 13854 | D:9      | Reached skill level 10 in Evocations
 14242 | D:10     | Entered Level 10 of the Dungeon
 14320 | D:10     | Reached skill level 5 in Fighting
 14320 | D:10     | Reached XP level 11. HP: 27/44 MP: 19/19
 14563 | D:10     | Acquired Nemelex Xobeh's second power
 14594 | D:10     | Received a gift from Nemelex Xobeh
 15163 | D:10     | Noticed a hill giant
 15170 | D:10     | Killed a hill giant
 15170 | D:10     | Reached skill level 10 in Dodging
 15170 | D:10     | Reached skill level 11 in Stealth
 15572 | D:11     | Received a gift from Nemelex Xobeh
 15647 | D:11     | Noticed a skeletal warrior
 15648 | D:11     | Noticed a skeletal warrior
 15648 | D:11     | Noticed a skeletal warrior
 15648 | D:11     | Noticed a skeletal warrior
 15649 | D:11     | Noticed a skeletal warrior
 15651 | D:11     | Killed a skeletal warrior
 15773 | Lair:1   | Entered Level 1 of the Lair of Beasts
 15815 | Lair:1   | Got a crystal scimitar
 15818 | Lair:1   | Identified the cursed +3 scimitar of Dung {slice, rN+ MP-9 Str+4 Dex+4} (You found it on level 1 of the Lair of Beasts)
 16231 | Lair:1   | Received a gift from Nemelex Xobeh
 16643 | Lair:1   | Acquired Nemelex Xobeh's third power
 16648 | Lair:1   | HP: 1/44 [iguana (14)]
 17105 | Lair:1   | HP: 1/44 [komodo dragon (29)]
 17963 | Lair:1   | Reached skill level 12 in Stealth
 18353 | Lair:1   | Received a gift from Nemelex Xobeh
 18646 | Lair:1   | Reached XP level 12. HP: 48/48 MP: 21/21
 19403 | Lair:2   | Reached skill level 10 in Bows
 19569 | Lair:2   | Learned a level 3 spell: Confuse
 19573 | Lair:2   | Learned a level 3 spell: Gell's Gravitas
 19615 | Lair:2   | Reached skill level 1 in Hexes
 19615 | Lair:2   | Reached skill level 1 in Translocations
 19711 | Lair:2   | Received a gift from Nemelex Xobeh
 20309 | Lair:2   | Received a gift from Nemelex Xobeh
 20380 | Lair:3   | Noticed Goresteps's ghost (powerful DsGl)
 20936 | Lair:3   | Killed Goresteps's ghost
 21234 | Lair:3   | Reached skill level 1 in Spellcasting
 21450 | Lair:3   | HP: 2/45 [yak (4)]
 21946 | Lair:3   | Received a gift from Nemelex Xobeh
 22007 | Lair:3   | Found a white marble altar of Elyvilon.
 22032 | Lair:3   | Noticed a six-headed hydra
 22065 | Lair:3   | Killed a six-headed hydra
 22306 | Lair:3   | Received a gift from Nemelex Xobeh
 22316 | Lair:3   | Identified a scroll of acquirement
 22317 | Lair:3   | Got a distressingly furry robe
 22329 | Lair:3   | Identified the +1 robe "Sawer" {-Cast rF+ Dex+4} (You acquired it on level 3 of the Lair of Beasts)
 22535 | Lair:3   | Reached skill level 13 in Stealth
 22698 | Lair:3   | Reached skill level 5 in Spellcasting
 23556 | Lair:4   | Received a gift from Nemelex Xobeh
 23609 | Lair:3   | Learned a level 4 spell: Petrify
 24164 | Lair:4   | Reached skill level 1 in Transmutations
 24332 | Lair:4   | Found a staircase to the Shoals.
 24774 | Lair:4   | Received a gift from Nemelex Xobeh
 24865 | Lair:5   | Found an iron altar of Okawaru.
 25113 | Lair:5   | Reached skill level 1 in Earth Magic
 25113 | Lair:5   | Reached XP level 13. HP: 31/52 MP: 16/23
 25560 | Lair:5   | Received a gift from Nemelex Xobeh
 26127 | Lair:5   | Noticed a six-headed hydra
 26257 | Lair:5   | Killed a six-headed hydra
 26257 | Lair:5   | Reached skill level 14 in Stealth
 26285 | Lair:5   | Mangled by a shambling mangrove

Vault maps used:
D:1:      erik_arrival_triangle_small
D:2:      nicolae_gozag_cash_rules_everything_around_me, lemuel_crystal_altar,
          minmay_gold_behind_fungi, uniq_terence
D:3:      nemelex_deck, lemuel_coloured_pillars_altar, serial_bayou_lagoon_a,
          uniq_jessica, uniq_crazy_yiuf_cottage
D:4:      grunt_temple_overflow_champion_of_chaos, lemuel_round_altar,
          okawaru_metal_pillars_1_2, first_bread, serial_shops, shop,
          minivault_4, uniq_blork_the_orc
D:5:      kennysheep_six_static_rooms, serial_shops, shop_fountains,
          uniq_sigmund
D:6:      enter_ossuary_1, uniq_duvessa, uniq_pikel, uniq_edmund
D:7:      minmay_temple_entry_hall, grunt_livestock, st_stairs_12,
          elyvilon_altar_5
D:8:      nicolae_overflow_crystal_walls, nicolae_dithmenos_the_darkroom,
          dpeg_oklobed_lair, grunt_decor_resistance, uniq_grum
D:9:      kennysheep_little_box, serial_bayou, serial_bayou_pond_d,
          serial_bayou_crossing, serial_bayou_lake_a, serial_bayou_ford_a,
          serial_bayou_pond_b
D:11:     david_orc_1_choice, kennysheep_cross_room
Lair:1:   beast_lair_carwin_large_4, pond
Lair:2:   minivault_25
Lair:3:   basic_altar, roderic_carrion_pond
Lair:4:   elwin_shoals_entry_rocks
Lair:5:   nicolae_spider_entry_non_spiders, lemuel_oklob_altar
Ossuary:  ossuary_zaba_flooded

Action                   |  1- 3 |  4- 6 |  7- 9 | 10-12 | 13-15 || total
-------------------------+-------+-------+-------+-------+-------++-------
Melee: Spear             |   102 |   110 |    10 |       |       ||   222
       Short sword       |    12 |       |       |       |       ||    12
       Dagger            |     4 |    45 |   359 |   961 |   106 ||  1475
       Whip              |       |       |    49 |    31 |       ||    80
       Staff             |       |       |       |    17 |       ||    17
       Rod               |       |       |       |     1 |       ||     1
       Scimitar          |       |       |       |    29 |       ||    29
 Fire: Shortbow          |       |       |   190 |   486 |    36 ||   712
Throw: Stone             |       |     2 |       |     4 |       ||     6
 Cast: Confuse           |       |       |       |    12 |     2 ||    14
       Gell's Gravitas   |       |       |       |       |     3 ||     3
Invok: Triple Draw       |       |       |       |     1 |       ||     1
Evoke: Wand              |     7 |    17 |    11 |    25 |     3 ||    63
       Deck              |       |     2 |    13 |    48 |    11 ||    74
       Rod               |       |       |       |     4 |       ||     4
       Phial of floods   |       |       |       |     1 |     1 ||     2
  Use: Scroll            |       |     4 |     8 |    33 |     1 ||    46
       Potion            |       |       |     1 |     6 |     1 ||     8
 Stab: Sleeping          |     7 |    15 |    21 |    40 |       ||    83
       Confused          |       |     2 |       |     4 |       ||     6
       Paralysed         |       |     1 |       |       |       ||     1
       Distracted        |       |       |     7 |     8 |     6 ||    21
       Betrayed ally     |       |       |     1 |       |       ||     1
       Petrifying        |       |       |       |     1 |       ||     1
  Eat: Bread ration      |       |     1 |       |     1 |       ||     2
       Pizza             |       |       |       |     8 |       ||     8
       Royal jelly       |       |       |       |     2 |     1 ||     3
       Fruit             |       |       |       |     2 |       ||     2
